AoeStats
← SebastianCiv

Arena

509790935Analyzed
1v1 RM · 4d ago on Sep 28, 2026· 47m 31s· 2 players
Game mode
Random Map
Map size
Tiny (2 player)
Population
200
Speed
Normal
Resources
Standard
Victory
Conquest
Starting age
Dark Age
Ending age
Imperial Age
RankedLock teamsTeams togetherTeam positionsShared explorationLock speedFull tech treeHidden civsTurbo modeCheats
Victory
Defeat
🇨🇦 Koreans · Canada
654
+18
🇺🇾 Spanish · Uruguay
699
-18
FishFishhhhh
12:41 Feudal Age
14:43 Wheelbarrow
14:12 Double-Bit Axe
14:21 Gold Mining
14:13 Horse Collar
14:24 Stone Mining
20:29 Castle Age
18:37 Fletching
20:07 Forging
19:58 Scale Mail Armor
20:10 Scale Barding Armor
22:24 Bow Saw
22:22 Heavy Plow
29:03 Bodkin Arrow
29:45 Iron Casting
29:25 Chain Mail Armor
31:08 Town Watch
31:09 Loom
31:46 Chain Mail Armor
34:50 Imperial Age
32:35 Treadmill Crane
35:11 Elite Fire Lancer
38:28 Conscription
38:32 Shinkichon
40:14 Ballistics
40:55 Chemistry
39:52 Murder Holes
40:10 Siege Engineers
40:40 Plate Mail Armor
40:10 Bracer
45:27 Arson
45:44 Squires
45:32 Crossbowman
46:18 Thumb Ring
46:35 Pikeman
SebastianCiv
5:44 Loom
14:29 Feudal Age
15:54 Wheelbarrow
15:09 Double-Bit Axe
15:08 Horse Collar
22:55 Castle Age
21:56 Man-at-Arms
23:16 Forging
23:25 Scale Barding Armor
24:05 Bloodlines
25:26 Iron Casting
26:31 Hand Cart
26:26 Scale Barding Armor
29:59 Bow Saw
29:52 Heavy Plow
42:02 Imperial Age
40:34 Town Watch
43:36 Cavalier
44:18 Husbandry
45:58 Blast Furnace
45:20 Chain Barding Armor
Connection lost

Rejoining the realm…

Still unreachable

The connection could not be restored.

Session expired

The server has moved on; the page needs a fresh start.